 Dungeon Sprint DCSS version 0.31-a0-325-g067879e3d3 (webtiles) character file.

Game seed: 7211584313845384317

298 Conn the Arsonist (level 6, -6/36 HPs)
             Began as an Octopode Fire Elementalist on July 18, 2023.
             Mangled by a human (14 damage)
             ... in the Dungeon (Sprint III: "The Ten Rune Challenge").
             The game lasted 00:01:45 (407 turns).

Conn the Arsonist (Octopode Fire Elementalist)       Turns: 407, Time: 00:01:47

Health: -6/36      AC:  1    Str:  7    XL:     6   Next: 35%
Magic:  1/15       EV: 14    Int: 20    God:
Gold:   18         SH:  0    Dex: 12    Spells: 7/17 levels left

rFire   . . .        g - +2 dagger (holy)
rCold   . . .        (no shield)
rNeg    . . .        (helmet restricted)
rPois   .            (no amulet)
rElec   .            (no ring)
rCorr   .            (no ring)
SInv    .            (no ring)
Will    .....        (no ring)
Stlth   +++++        (no ring)
HPRegen 1.06/turn    (no ring)
MPRegen 0.14/turn    (no ring)
                     (no ring)

%: no teleportation, clarity
@: no status effects
A: almost no armour, amphibious, 8 rings, camouflage 1, gelatinous body 1,
nimble swimmer 1, tentacles, clarity, mutation resistance 1, regeneration 1
a: no special abilities


You were in the Dungeon.
You visited 1 branch You collected 18 gold pieces.

Inventory:

Hand Weapons
 g - a +2 dagger of holy wrath (weapon)
Scrolls
 f - a scroll of blinking
 i - a scroll of immolation {unknown}
 j - a scroll of torment {unknown}
 k - a scroll of poison {unknown}
 l - a scroll of enchant weapon {unknown}
Potions
 a - 3 potions of magic
 b - 2 potions of curing
 c - a potion of heal wounds
 d - a potion of haste
 e - a potion of berserk rage
 h - 3 potions of mutation
 m - a potion of enlightenment {unknown}


   Skills:
 + Level 3.5 Dodging
 + Level 6.6 Stealth
 + Level 1.0 Unarmed Combat
 + Level 6.4 Spellcasting
 + Level 3.7 Conjurations
 + Level 9.4 Fire Magic


You had 7 spell levels left.
You knew the following spells:

 Your Spells              Type           Power      Damage    Failure   Level
a - Foxfire               Conj/Fire      100%       2x1d9     1%          1
b - Scorch                Fire           88%        2d9       1%          2
c - Inner Flame           Hex/Fire       25%        N/A       4%          3
d - Flame Wave            Conj/Fire      32%        2d9       7%          4

Your spell library contained the following spells:

 Spells                   Type           Power      Damage    Failure   Level
 Volatile Blastmotes      Fire/Tloc      50%        2d14      4%          3


Dungeon Overview and Level Annotations

Branches:
Dungeon (1/1)

Altars:


Innate Abilities, Weirdness & Mutations

You cannot wear most types of armour.
You are amphibious.
You can wear up to eight rings at the same time.
Your skin changes colour to match your surroundings (Stealth+).
Your rubbery body absorbs attacks. (AC +1, EV +1)
You are camouflaged when in or above water. (Stealth+)
You have tentacles for arms and can constrict up to eight enemies at once.
You possess an exceptional clarity of mind.
You are somewhat resistant to further mutation.
Your natural rate of healing is unusually fast.


Message History

Your Stealth skill increases to level 6!
Your Unarmed Combat skill increases to level 1!
Your Spellcasting skill increases to level 6!
Your Conjurations skill increases to level 3!
Your Fire Magic skill increases to level 9!
You have reached level 6!
Unknown command.
A wave of flame ripples out!
The flame wave engulfs the deep elf pyromancer!
The deep elf pyromancer is lightly wounded.
The flame wave engulfs the human.
The human is lightly wounded.
You are engulfed in a cloud of scalding steam.
The human is engulfed in a cloud of scalding steam.
Unknown command.
A wave of flame ripples out!
The flame wave engulfs the human but does no damage.
The human is lightly wounded.
The flame wave engulfs the deep elf pyromancer!
The deep elf pyromancer is moderately wounded.
You smell burning wood.
You finish channelling waves of flame.
You are engulfed in a cloud of scalding steam.
The deep elf pyromancer is engulfed in a cloud of scalding steam.
The human is engulfed in a cloud of scalding steam.
The human hits you.
Unknown command.
Unknown command.
Casting: Flame Wave (quite dangerous; 7% risk of failure)
Confirm with . or Enter, or press ? or * to list all spells.
Flames lash the deep elf pyromancer.
The deep elf pyromancer is almost dead.
The deep elf pyromancer's fire resistance burns away.
You are engulfed in a cloud of scalding steam.
* * * LOW HITPOINT WARNING * * *
The deep elf pyromancer is engulfed in a cloud of scalding steam.
You kill the deep elf pyromancer!
You hear a splash.
The human is engulfed in a cloud of scalding steam.
The human hits you!
You die...

▓▓▓▓▓▓▓▓▓▓▓▓▓ ▓▓▓
▓<.#..'.....♣♣ ♣.#
▓..#..#....♣.♣ ♣.#
▓#'####......♣ ♣♣.# #
▓.....#....~♣♣♣♣..###p#'#
▓.....#...~~♣..♣..#......
▓....)#.§§§§~..♣♣.p.⌠....
▓####[#.§§§§~~~.♣.#...###
▓[....#.§@§§~~....# §.#
▓.....#.§§p§~.....# .#
▓.....#.§§§§......# #
▓'#####...........#
▓.................#
▓▓▓▓▓▓▓▓▓▓▓▓▓▓▓▓▓▓▓


You could see a human (strong).

Vanquished Creatures
  A deep elf pyromancer (D)
  A water elemental (D)
  A scorpion (D)
  Jessica (D)
  2 humans (D)
  2 endoplasms (D)
8 creatures vanquished.

Vanquished Creatures (others)
  34 foxfires (D)
34 creatures vanquished.

Grand Total: 42 creatures vanquished

Notes
Turn   | Place    | Note
-------+----------+-------------------------------------------
     0 | D        | Conn the Octopode Fire Elementalist began the quest for the
                  | Orb.
     0 | D        | Reached XP level 1. HP: 11/11 MP: 3/3
    44 | D        | Noticed Jessica
    58 | D        | Killed Jessica
    59 | D        | Reached skill level 5 in Fire Magic
    59 | D        | Reached XP level 2. HP: 17/17 MP: 0/6
    59 | D        | Reached XP level 3. HP: 21/21 MP: 0/7
   131 | D        | Learned a level 2 spell: Scorch
   135 | D        | Learned a level 3 spell: Inner Flame
   149 | D        | Noticed a scorpion
   231 | D        | Killed a scorpion
   232 | D        | Reached skill level 7 in Fire Magic
   232 | D        | Reached XP level 4. HP: 27/27 MP: 1/10
   322 | D        | Gained mutation: You possess an exceptional clarity of
                  | mind. [potion of mutation]
   322 | D        | Gained mutation: You are somewhat resistant to further
                  | mutation. [potion of mutation]
   322 | D        | Gained mutation: Your natural rate of healing is unusually
                  | fast. [potion of mutation]
   341 | D        | Learned a level 4 spell: Flame Wave
   341 | D        | Noticed a water elemental
   343 | D        | Killed a water elemental
   344 | D        | Reached skill level 5 in Stealth
   344 | D        | Reached skill level 5 in Spellcasting
   344 | D        | Reached skill level 8 in Fire Magic
   344 | D        | Reached XP level 5. HP: 31/31 MP: 6/12
   392 | D        | Noticed a deep elf pyromancer
   393 | D        | Noticed a human
   394 | D        | Noticed a human
   404 | D        | Killed a human
   405 | D        | Reached skill level 1 in Unarmed Combat
   405 | D        | Reached skill level 9 in Fire Magic
   405 | D        | Reached XP level 6. HP: 36/36 MP: 4/15
   407 | D        | Killed a deep elf pyromancer
   407 | D        | Mangled by a human

Illustrated notes

Levels and vault maps discovered:
D:        dungeon_sprint_mu [sprint_mu_entry_forest, sprint_mu_temple_rooms,
          sprint_mu_d1_horrors, sprint_mu_d2_genie, sprint_mu_d3_branching,
          sprint_mu_orc_legion, sprint_mu_elf_gauntlet, sprint_mu_hive_nellie,
          sprint_mu_lair_fedhas, sprint_mu_vaults_butterflies,
          sprint_mu_slime_circle, sprint_mu_shoals_archi,
          sprint_mu_snake_twists, sprint_mu_blade_basic, sprint_mu_crypt_lich,
          sprint_mu_tomb_spiral, sprint_mu_vestibule_basic,
          sprint_mu_gehenna_hellfire, sprint_mu_dis_giant,
          sprint_mu_tartarus_statrot, sprint_mu_cocytus_islands, sprint_mu_zot1]

Skill      XL: |  1  2  3  4  5 |
---------------+----------------+-----
Stealth        | 3 4 5 6 |  6.6
Spellcasting   | 3 4 5 6 |  6.4
Fire Magic     | 5 7 8 9 |  9.4
Dodging        | 3 |  3.5
Conjurations   | 2 3 |  3.7
Unarmed Combat | 1 |  1.0

Action                     |  1- 3 |  4- 6 || total
---------------------------+-------+-------++-------
  Melee: Unarmed           |     6 |       ||     6
         Tentacles         |     1 |       ||     1
   Cast: Foxfire           |    18 |       ||    18
         Scorch            |       |     5 ||     5
         Flame Wave        |       |     1 ||     1
    Use: Potion            |       |     1 ||     1
  Dodge: Dodged            |     3 |       ||     3

Table legend: (Time is in decaauts)
 A = Elapsed time spent in this place.
 B = Non-inter-level travel time spent in this place.
 C = Inter-level travel time spent in this place.
 D = Time resting spent in this place.
 E = Time spent auto-exploring this place.
 F = Levels seen in this place.
 G = Mean time per level.
                   A        B        C        D        E       F      G
               +--------+--------+--------+--------+--------+-----+--------+
         Total |    406 |    406 |      0 |    248 |      0 |   1 |  406.0 |
       Dungeon |    406 |    406 |      0 |    248 |      0 |   1 |  406.0 |
               +--------+--------+--------+--------+--------+-----+--------+

Top non-repeatable levels by time:
       D: 406 daAuts
